 Dungeon Crawl Stone Soup version 0.17-a0-1430-g49fde19 (console) character file.

107 Monkaria the Skirmisher (level 4, 0/40 HPs)
             Began as a Hill Orc Chaos Knight on June 24, 2015.
             Slain by an orc (2 damage)
             ... on level 3 of the Dungeon.
             The game lasted 00:07:54 (1760 turns).

Monkaria the Skirmisher (Hill Orc Chaos Knight)     Turns: 1760, Time: 00:07:54

Health: 0/40       AC:  7    Str: 15      XL:     4   Next: 86%
Magic:  4/4        EV: 12    Int: 16      God:    Xom [...*..]
Gold:   114        SH:  0    Dex:  9 (10) Spells: 0 memorised, 3 levels left

rFire  . . .     SeeInvis .     a - +0 hand axe (chaos)
rCold  . . .     Clarity  .     b - +2 leather armour
rNeg   . . .     SustAt   .     (no shield)
rPois  .         Gourm    .     n - +0 helmet
rElec  .         Spirit   .     q - +0 cloak
rCorr  .         Warding  .     (no gloves)
rMut   .         Stasis   .     (no boots)
MR     .....                    (no amulet)
Stlth  +.........               (no ring)
                                l - +4 ring of intelligence

@: not resistant to hostile enchantments, very unstealthy
A: no striking features
a: Renounce Religion


You were on level 3 of the Dungeon.
You worshipped Xom.
You were a favourite toy of Xom.
You were not hungry.

You visited 1 branch of the dungeon, and saw 3 of its levels.

You collected 114 gold pieces.

Inventory:

Hand weapons
 a - a +0 hand axe of chaos (weapon)
Armour
 b - a +2 leather armour (worn)
 n - a +0 helmet (worn)
 q - a +0 cloak (worn)
Jewellery
 l - a +4 ring of intelligence (left hand)
Scrolls
 d - a scroll of remove curse {unknown}
 f - 2 scrolls of enchant weapon {unknown}
 g - 4 scrolls of identify {unknown}
 h - a scroll of enchant armour {unknown}
 m - 2 scrolls of noise {unknown}
 p - a scroll of magic mapping {unknown}
Potions
 e - 3 potions of curing {unknown}
 j - a potion of heal wounds {unknown}
 k - a potion of might {unknown}
 o - a potion of cancellation {unknown}
Comestibles
 c - a bread ration
 i - a meat ration


   Skills:
 - Level 4.1 Fighting
 + Level 4.0 Axes
 - Level 3.0 Armour
 - Level 3.0 Dodging


You had 3 spell levels left.
You didn't know any spells.

Dungeon Overview and Level Annotations

Branches:
Dungeon (3/15)

Altars:
Makhleb
Zin


Message History

You hit the orc but do no damage.
You heal the orc.
The orc is completely healed.
The orc hits you.
* * * LOW HITPOINT WARNING * * *
The orc closely misses you.
You hit the orc but do no damage. The orc hits you.
* * * LOW HITPOINT WARNING * * *
You hit the orc but do no damage. The orc misses you.
You barely miss the orc. The orc closely misses you.
You hit the orc but do no damage. The orc closely misses you.
You hit the orc but do no damage. The orc hits you.
* * * LOW HITPOINT WARNING * * *
You barely miss the orc. The orc barely misses you.
You barely miss the orc. The orc misses you.
You hit the orc but do no damage. The orc closely misses you.
You hit the orc but do no damage. The orc hits you but does no damage.
You hit the orc.
The orc is heavily wounded.
The orc hits you but does no damage. The orc hits you.
You die... "It was about time."

################
#>.@oo.........#####
#.###o..............
#.# #...............
#.###............†..
#................)..
#.###...............
#.###...............
#...................
#####...............


You could see 3 orcs.

Vanquished Creatures
  Robin (D:2)
  3 adders
  An ooze (D:1)
  A giant gecko (D:2)
  2 orcs (D:3)
  4 giant cockroaches
  15 goblins
  4 hobgoblins
  4 jackals (D:2)
  2 ball pythons (D:3)
  10 bats
  A giant newt (D:1)
  8 kobolds
  7 rats (D:1)
63 creatures vanquished.

Notes
Turn   | Place    | Note
--------------------------------------------------------------
     0 | D:1      | Monkaria the Hill Orc Chaos Knight began the quest for the Orb.
     0 | D:1      | Reached XP level 1. HP: 19/19 MP: 1/1
   171 | D:1      | Reached XP level 2. HP: 25/27 MP: 2/2
   222 | D:1      | XOM: harmless Pois miscast
   278 | D:1      | XOM: potion effect (might)
   461 | D:1      | Reached skill level 1 in Dodging
   692 | D:2      | Noticed Robin
   696 | D:1      | Reached XP level 3. HP: 33/33 MP: 3/3
   776 | D:2      | Killed Robin
   776 | D:2      | Reached XP level 4. HP: 26/40 MP: 4/4
   798 | D:2      | XOM: swap monsters
   914 | D:2      | XOM: mild Summ miscast
  1016 | D:2      | Found a faded altar to an unknown god.
  1192 | D:2      | Found a burning altar of Makhleb.
  1206 | D:2      | Found a glowing silver altar of Zin.
  1206 | D:2      | Noticed an Executioner
  1206 | D:2      | Noticed an angel
  1223 | D:2      | XOM: mild Hex miscast
  1601 | D:3      | XOM: 3-stop teleportation journey
  1755 | D:3      | HP: 1/40 [orc (3)]
  1760 | D:3      | Slain by an orc

Vault maps used:
D:1:      scummos_arrival_checkerplants, serial_glass, glass_columns_c,
          glass_columns_a
D:2:      grunt_temple_overflow_order_and_chaos_2, ecumenical_altar_1,
          uniq_robin
D:3:      first_bread

Action                   |  1- 3 |  4- 6 || total
-------------------------+-------+-------++-------
Melee: Hand axe          |    93 |   161 ||   254
 Stab: Confused          |     1 |       ||     1
       Paralysed         |       |     7 ||     7
  Eat: Chunk             |       |     3 ||     3
